cohdb
Replays
Latest Replays
All Replays
Popular Replays
Top Player Replays
Match Explorer
How It Works
Community
CoH3 Stats
Reddit
Sign in to upload your games and track your stats! →
Sign in with Steam
Match 38804106
Unlisted
Match 38804106
Overview
Messages
Build Orders
End
Construct Section Command Post
Royal Engineer Section
Dingo Light Scout Car
Infantry Section
Infantry Section
Infantry Section
Grenade Package
Construct Field Infirmary
Construct Platoon Command Post
6-pounder Anti-tank Gun Team
6-pounder Anti-tank Gun Team
Construct Company Command Post
Selects Heavy Armor Battlegroup
Selects Engineer Detachments
Selects Crusader AA Medium Tank
Selects UNKNOWN (2162094)
Churchill IV Heavy Tank
Churchill IV Heavy Tank
Selects Light Vehicle Withdraw and Refit
Infantry Training
Selects Forward Repair Assembly
Foot Guards Section
Armored Vehicle Training
Rechter Winkel
HackerBlack_Sunday
菜就多练
luminol
豪师傅
ClaudiaEnfield
Doge
ForestJun
0
0
Comments
sign in to comment!
No comments posted yet!